 Dungeon Crawl Stone Soup version 0.17.0-57-g0e89251 (webtiles) character file.

569131 HandofTrog the Fencer (level 26, -12/226 HPs)
             Began as a Minotaur Gladiator on Dec 7, 2015.
             Was the Champion of the Shining One.
             Killed from afar by an ancient lich (82 damage)
             ... with a crystal spear
             ... on level 4 of the Vaults on Dec 9, 2015.
             The game lasted 06:22:49 (88822 turns).

HandofTrog the Fencer (Minotaur Gladiator)         Turns: 88822, Time: 06:22:49

Health: -12/226    AC: 38    Str: 32    XL:     26   Next: 8%
Magic:  21/49      EV: 11    Int: 16    God:    the Shining One [******]
Gold:   611        SH: 34    Dex:  8    Spells: 12 memorised, 4 levels left

rFire  + . .     SeeInvis .     n - +9 sacred scourge (holy)
rCold  + + .     Clarity  .     z - +9 crystal plate armour {rC+}
rNeg   + + +     SustAt   .     P - +0 large shield {reflect}
rPois  +         Gourm    .     Y - +0 hat of the Wilderness {rCorr MP+9}
rElec  +         Spirit   .     p - +5 cloak "Nodom" {rPois Str-4 Int+2}
rCorr  +         Warding  +     e - +2 pair of gloves
rMut   .         Stasis   .     U - +0 pair of boots "Coit" {rElec Dex-5 Slay+2} (curse)
MR     ++...                    C - amulet "Zoleul" {Ward rN+ Str+2 Int+6 Dex-3}
Stlth  ..........               F - ring "Goarei" {rPois rC+ MR+ Str+4 Dex+3}
                                w - ring of Grontol {rF+ EV+4 Int+3}

@: lethally poisoned (-12 -> -12), divine shield, very slightly contaminated,
glowing, studying Stealth, very resistant to hostile enchantments, extremely
unstealthy
A: retaliatory headbutt, claws 1, horns 2, camouflage 1, deformed body,
deterioration 1, high mp 1
a: Divine Shield, Cleansing Flame, Summon Divine Warrior, Renounce Religion
}: 2/15 runes: decaying, serpentine


You were on level 4 of the Vaults.
You worshipped the Shining One.
The Shining One was exalted by your worship.
You were not hungry.

You visited 12 branches of the dungeon, and saw 55 of its levels.
You visited the Abyss 1 time.
You also visited: Ice Cave.

You collected 30069 gold pieces.
You spent 9792 gold pieces at shops.
You donated 1667 gold pieces to Zin.
You paid 17999 gold pieces to Gozag.

Inventory:

Hand Weapons
 n - a +9 sacred scourge of holy wrath (weapon)
 M - the +10 falchion of Ygupucos {freeze, Str+3 Int+4 Stlth-}
   (You took it off a deep elf priest on level 3 of the Elven Halls)

   It has been specially enchanted to freeze those struck by it, causing extra
   injury to most foes and up to half again as much damage against particularly
   susceptible opponents.
   It can also slow down cold-blooded creatures.
   It affects your strength (+3).
   It affects your intelligence (+4).
   It makes you less stealthy.
Missiles
 f - 3 javelins of penetration (quivered)
 x - 81 tomahawks
 X - 3 throwing nets
Armour
 d - a +2 ice dragon armour
 e - a +2 pair of gloves (worn)
 p - the +5 cloak "Nodom" (worn) {rPois Str-4 Int+2}
   (You bought it in a shop on level 11 of the Dungeon)

   It affects your strength (-4).
   It affects your intelligence (+2).
   It protects you from poison.
 z - a +9 crystal plate armour of cold resistance (worn)
 H - the cursed +0 pair of boots of Ethics {MP+9 Str+4}
   (You found it on level 4 of the Vaults)

   It affects your strength (+4).
   It affects your magic capacity (+9).
   It has a curse placed upon it.
 P - a +0 large shield of reflection (worn)
 U - the cursed +0 pair of boots "Coit" (worn) {rElec Dex-5 Slay+2}
   (You found it on level 14 of the Dungeon)

   It affects your dexterity (-5).
   It affects your accuracy and damage with ranged weapons and melee attacks
   (+2).
   It insulates you from electricity.
   It has a curse placed upon it.
 Y - the +0 hat of the Wilderness (worn) {rCorr MP+9}
   (You found it on level 11 of the Dungeon)

   It affects your magic capacity (+9).
   It protects you from acid and corrosion.
Jewellery
 g - an uncursed ring of magical power
 i - an uncursed ring of ice
 w - the ring of Grontol (left hand) {rF+ EV+4 Int+3}
   (You bought it in a shop on level 4 of the Orcish Mines)

   [ring of evasion]

   It affects your evasion (+4).
   It affects your intelligence (+3).
   It protects you from fire.
 C - the amulet "Zoleul" (around neck) {Ward rN+ Str+2 Int+6 Dex-3}
   (You took it off a deep elf demonologist on level 1 of the Depths)

   [amulet of warding]

   It may prevent the melee attacks of summoned creatures.
   It affects your strength (+2).
   It affects your intelligence (+6).
   It affects your dexterity (-3).
   It protects you from negative energy.
 F - the ring "Goarei" (right hand) {rPois rC+ MR+ Str+4 Dex+3}
   (You bought it in a shop on level 3 of the Depths)

   [ring of protection from cold]

   It affects your strength (+4).
   It affects your dexterity (+3).
   It protects you from cold.
   It protects you from poison.
   It affects your resistance to hostile enchantments.
Wands
 a - a wand of hasting (6)
 j - a wand of digging (0)
 q - a wand of disintegration (12)
 E - a wand of heal wounds (4)
Scrolls
 h - 4 scrolls of identify
 o - a scroll of blinking
 s - 7 scrolls of magic mapping
 t - 9 scrolls of teleportation
 u - 3 scrolls of fog
 v - a scroll of fear
 y - 2 scrolls of brand weapon
 I - 20 scrolls of remove curse
 N - 5 scrolls of recharging
 R - 2 scrolls of holy word
Potions
 k - 2 potions of haste
 m - 15 potions of curing
 r - a potion of agility
 A - a potion of brilliance
 B - 6 potions of flight
 D - 5 potions of resistance
 L - a potion of berserk rage
 S - a potion of cure mutation
 T - 2 potions of might
Books
 c - a book of Debilitation

   Spells                             Type                      Level
   a - Corona                         Hexes                        1
   b - Slow                           Hexes                        2
   c - Gell's Gravitas                Hexes/Translocation          3
   d - Inner Flame                    Hexes/Fire                   3
   e - Cause Fear                     Hexes                        4
   f - Leda's Liquefaction            Hexes/Earth                  4
 G - a manual of Stealth
Miscellaneous
 K - 2 phantom mirrors
Comestibles
 b - 3 meat rations
 l - a beef jerky
 O - 3 fruits
 W - 9 bread rations


   Skills:
 - Level 16.5 Fighting
 - Level 18.0 Long Blades
 - Level 17.2(17.3) Maces & Flails
   Level 3.6(12.1) Staves
 - Level 7.2 Throwing
 - Level 15.8 Armour
 - Level 8.0 Dodging
 - Level 16.3 Shields
 - Level 10.3 Spellcasting
 + Level 7.3 Charms
 - Level 16.0 Necromancy
 - Level 15.4 Translocations
 - Level 12.9 Invocations


You had 4 spell levels left.
You knew the following spells:

 Your Spells              Type           Power        Failure   Level  Hunger
a - Blink                 Tloc           N/A          1%          2    None
b - Regeneration          Chrm/Necr      #####.....   12%         3    None
c - Repel Missiles        Chrm/Air       ###...       95%         2    None
d - Vampiric Draining     Necr           ######....   1%          3    None
e - Animate Dead          Necr           N/A          6%          4    ###....
f - Swiftness             Chrm/Air       ###.....     95%         2    None
g - Apportation           Tloc           ######....   1%          1    None
h - Haste                 Chrm           ####....     100%        6    ######.
i - Phase Shift           Tloc           ######....   17%         5    #####..
j - Passage of Golubria   Tloc           N/A          8%          4    ###....
k - Cigotuvi's Embrace    Necr           ######....   14%         5    #####..
l - Control Undead        Necr           ######....   6%          4    ###....


Dungeon Overview and Level Annotations

Branches:
Dungeon (15/15)            Temple (1/1) D:7            Lair (8/8) D:11
  Swamp (4/4) Lair:4        Snake (4/4) Lair:5        Slime (1/6) Lair:7
    Orc (4/4) D:10            Elf (3/3) Orc:4        Vaults (5/5) D:14
  Crypt (3/3) Vaults:2       Tomb (2/3) Crypt:3      Depths (5/5) D:15
    Zot (0/5) Depths:5

Altars:
Ashenzari
Cheibriados
Dithmenos
Elyvilon
Fedhas
Gozag
Kikubaaqudgha
Makhleb
Nemelex Xobeh
Okawaru
Qazlal
Ru
Sif Muna
Trog
Vehumet
Xom
Yredelemnul
Zin
The Shining One
Beogh
Lugonu

Shops:
D:5 }   D:11 [}[*   D:15 *   Temple (   Orc:2 [   Orc:4 !**(=?   Lair:2 (
Lair:7 (   Snake:3 [?}   Depths:3 =(

Portals:
Hell: Depths:1 Depths:2 Depths:3 Depths:4 Depths:5
Abyss: Depths:4 Depths:5
Pandemonium: Depths:2 Depths:3
Ziggurat: Depths:1
Trove: Vaults:3 (give +5 ice dragon armour)

Annotations:
Lair:6 exclusion: 2 oklob plants
Depths:4 1 runed door


Innate Abilities, Weirdness & Mutations

You reflexively headbutt those who attack you in melee.
You have a pair of horns on your head.
You have sharp fingernails.
Your skin changes colour to match your surroundings (Stealth).
Armour fits poorly on your strangely shaped body.
Your body sometimes deteriorates upon taking damage.
You have an increased reservoir of magic (+10% MP).


Message History

You climb upwards.
Your summoned ally is left behind.
There is a stone staircase leading down here.
Read which item? (? for menu, Esc to quit)
Blink to where?
Press: ? - help, Dir - move target cursor You are very lightly contaminated with residual magic.
As you read the scroll of blinking, it crumbles to dust.
You feel sick.
Read which item? (? for menu, Esc to quit)
You can't read that!
Read which item? (? for menu, Esc to quit)
As you read the scroll of fog, it crumbles to dust.
The scroll dissolves into smoke.
The ancient lich casts a spell at you. The bolt of negative energy hits you!
You resist.
You feel sick.
There is an open door here.
The ancient lich gestures at you while chanting.
The crystal spear hits you!
You die...

#...#
#......##..#.......#..#...
#####
#......##..#.......#..#...
#.A....##..#.......#..#...
####
##'#######..#.......#..'...
...# #......#
#..#.......#..####
..######....####..#.......#.)#
.###..###..###.#..#.......#..#
###.C..##[.##§.#..#.......#..#
....pp.pL..§§§.#@.#.......#..#
....p...#[.#§L.'..#'#######..#
'##....##..##§§#.............#
.###..###..###.#.............#
.#######...#####.............#
...# #......# #.............#
#### ######## #......[......#
#.....[.......#
#.............#


You could see an ancient lich (invisible).

Vanquished Creatures
  2 ancient liches
  4 juggernauts
  2 greater mummies
  The ghost of hadoken the Slayer, a veteran FoFi of Ru (Depths:4)
  Saint Roka (Depths:4)
  Vashnia (Snake:4)
  A caustic shrike (Depths:4)
  3 golden dragons (Depths:4)
  Nikola (Snake:4)
  2 bone dragons
  Jorgrun (Swamp:4)
  5 liches
  Rupert (Orc:3)
  2 tentacled monstrosities
  A titan (Depths:4)
  2 deep elf blademasters (Elf:3)
  The ghost of Denapoli the Warrior, an adept GrBe of Trog (Vaults:2)
  2 deep elf master archers (Elf:3)
  2 thorn hunters (Swamp:4)
  11 sphinxes
  2 octopode crushers (Depths:4)
  Gastronok (D:8)
  4 ancient champions
  4 storm dragons
  2 shadow dragons (Depths:3)
  Kirke (Snake:4)
  2 tengu reavers (Depths:3)
  12 greater nagas
  4 revenants
  Roxanne (Snake:4)
  The ghost of AAAAA the Markstengu, an adept TeBe of Trog (Snake:3)
  Wiglaf (Vaults:1)
  10 fire giants
  4 frost giants
  3 azure jellies (Slime:1)
  Maud (Orc:3)
  6 vault wardens
  2 orc warlords (Orc:4)
  Louise (Depths:5)
  2 curse skulls (Crypt:3)
  10 deep elf sorcerers
  A spriggan defender (Depths:4)
  A draconian zealot (Depths:5)
  A draconian shifter (Depths:5)
  3 war gargoyles (Crypt:3)
  9 ghouls
  A ghost moth (shapeshifter) (Depths:2)
  19 stone giants
  2 reapers
  14 ironheart preservers
  17 very ugly things
  A juggernaut skeleton (Depths:4)
  A caustic shrike skeleton (Depths:4)
  12 deep elf demonologists
  A salamander stormcaller (Vaults:2)
  2 bennus (Tomb:1)
  A mottled draconian (Depths:5)
  8 vampire knights
  4 yellow draconians (Depths:5)
  15 deep elf annihilators
  2 red draconians (Depths:5)
  A merfolk javelineer (Depths:4)
  11 ettins
  A green death (Depths:2)
  A crystal guardian (Vaults:4)
  6 deep elf death magi
  2 eidola
  A merfolk impaler (Depths:4)
  A blizzard demon (Abyss:1)
  7 great orbs of eyes
  3 mummy priests (Tomb:1)
  4 deep elf high priests
  16 yaktaur captains
  6 entropy weavers
  8 fire dragons
  16 vault guards
  18 jiangshi
  25 hydras
  Fannar (Lair:1)
  A spectral shadow dragon (Depths:4)
  28 naga warriors
  4 rakshasas
  A quicksilver dragon skeleton (Crypt:3)
  12 ice dragons
  A monstrous demonspawn (Depths:2)
  3 anacondas
  10 ogre magi
  11 centaur warriors
  8 spriggan air magi
  2 catoblepae
  Erica (D:8)
  Erolcha (D:9)
  A death knight (Vaults:2)
  2 ghost crabs
  The ghost of Aarh the Protected, a journeyman TeBe of Trog (Lair:2)
  7 deep troll earth magi
  9 deep troll shamans
  6 tengu warriors
  7 death yaks
  2 thrashing horrors (Abyss:1)
  6 alligators
  A titan zombie (Depths:4)
  7 vampire magi
  12 naga sharpshooters
  3 soul eaters
  7 orc high priests
  Sonja (Orc:3)
  The ghost of bollicks1999 the Cleaver, a novice MiFi of Okawaru (D:8)
  13 deep elf knights
  5 spriggan berserkers
  7 shock serpents
  A wretched star (Abyss:1)
  A sun demon (Depths:5)
  A titan skeleton (Crypt:2)
  3 unseen horrors
  7 iron trolls
  2 shadow wraiths
  3 salamander mystics
  A deep troll (shapeshifter) (Depths:4)
  3 giant orange brains
  5 hell knights
  3 ice devils
  2 shadow demons (Depths:1)
  3 shambling mangroves
  2 anaconda zombies
  The ghost of Yermak the Covert, a novice FeTm of Xom (D:13)
  10 hill giants
  35 skeletal warriors
  7 deep elf summoners
  12 swamp dragons
  5 spriggan druids
  7 necromancers
  19 deep elf conjurers
  43 deep trolls
  4 phantasmal warriors
  A sea snake (shapeshifter) (Depths:4)
  A swamp dragon (shapeshifter) (Elf:1)
  5 anubis guards (Tomb:1)
  3 flayed ghosts
  2 tengu zombies
  Pikel (D:4)
  16 ironbrand convokers
  A golden dragon skeleton (Crypt:3)
  57 ugly things
  9 naga ritualists
  9 orc sorcerers
  2 sphinx zombies (Depths:4)
  2 shadow dragon zombies (Depths:4)
  4 harpies (Vaults:2)
  14 orc knights
  A wolf spider zombie (D:15)
  An orb spider (shapeshifter) (Depths:2)
  7 griffons
  2 fire giant zombies
  A moth of wrath (shapeshifter) (Vaults:5)
  12 wizards
  A frost giant zombie (Crypt:3)
  An iron dragon zombie (Crypt:3)
  A large abomination (Abyss:1)
  A stone giant zombie (Crypt:3)
  8 mana vipers
  69 slime creatures
  3 wolf spiders
  A worldbinder (Abyss:1)
  20 salamanders
  A sphinx skeleton (Vaults:4)
  8 cyclopes
  2 shining eyes (Slime:1)
  5 hornets
  2 manticores
  3 centaur zombies
  4 frost giant skeletons
  Maurice (D:9)
  2 elephants (shapeshifter)
  11 fire giant skeletons (Crypt:3)
  3 stone giant skeletons
  An orange demon (Depths:2)
  A spriggan zombie (Depths:2)
  An eye of devastation (Slime:1)
  19 guardian serpents
  8 vault sentinels
  2 ice statues (IceCv)
  39 spiny frogs
  24 naga magi
  A torpor snail (Lair:8)
  52 yaktaurs
  32 black mambas
  5 gargoyles
  2 kobold demonologists (Depths:1)
  A storm dragon simulacrum (Depths:2)
  2 komodo dragons (shapeshifter)
  10 komodo dragons
  A freezing wraith (Vaults:5)
  8 fire drakes
  A fire drake (shapeshifter) (Vaults:2)
  An alligator snapping turtle skeleton (Crypt:1)
  A red devil (Depths:3)
  An efreet (D:15)
  5 trolls
  12 guardian mummies (Tomb:1)
  A catoblepas skeleton (Crypt:3)
  16 deep elf priests
  4 tengu conjurers (Depths:2)
  An iron troll skeleton (Crypt:2)
  17 two-headed ogres
  9 blue devils
  A jumping spider (Depths:3)
  4 polar bears
  A two-headed ogre (shapeshifter) (Vaults:1)
  A polar bear (shapeshifter) (Depths:5)
  7 giant leeches
  A harpy skeleton (Crypt:1)
  A tengu simulacrum (Depths:3)
  A raiju (Abyss:1)
  A trapdoor spider zombie (Crypt:2)
  10 bog bodies
  15 blink frogs
  3 raiju (shapeshifter)
  6 boulder beetles
  An ushabti (Tomb:1)
  A trapdoor spider (D:15)
  2 tarantellas (Depths:2)
  10 wyverns
  32 deep elf magi
  12 flying skulls
  8 redbacks
  A guardian serpent skeleton (Crypt:2)
  16 air elementals
  9 shadows
  4 ynoxinuls
  8 vampires
  6 wraiths
  6 fire dragon skeletons (Crypt:3)
  7 hungry ghosts
  5 water elementals
  38 yaks
  9 spriggans
  A fire bat (Abyss:1)
  A hog (Snake:4)
  30 deep elf fighters
  9 wolves
  6 basilisks
  A chaos spawn (Depths:2)
  A giant leech zombie (Crypt:1)
  Grum (D:10)
  A yaktaur simulacrum (Vaults:4)
  21 hippogriffs
  A water moccasin (shapeshifter) (Depths:2)
  3 mottled dragons
  24 vampire mosquitoes
  3 neqoxecs (Abyss:1)
  2 golden eyes (Slime:1)
  Menkaure (D:4)
  A merfolk zombie (Crypt:1)
  32 insubstantial wisps
  78 nagas
  34 swamp worms
  10 wargs
  An infernal demonspawn zombie (Crypt:2)
  16 porcupines
  19 water moccasins
  A spiny frog zombie (Crypt:3)
  A hell hound (Lair:6)
  13 ice beasts
  4 small abominations (Abyss:1)
  9 sky beasts
  2 human skeletons
  53 orc warriors
  3 slaves (D:4)
  8 spiders (Lair:8)
  14 swamp drakes
  9 boggarts
  2 black bears
  2 eyes of draining
  An eye of draining (shapeshifter) (Vaults:4)
  15 wasps
  3 phantoms
  4 necrophages
  34 ogres
  A snapping turtle skeleton (Tomb:1)
  12 centaurs
  12 crocodiles
  A swamp dragon skeleton (Crypt:3)
  A brain worm (Lair:6)
  28 giant frogs
  A big kobold (D:10)
  A yaktaur skeleton (Crypt:2)
  A water moccasin zombie (D:11)
  A water moccasin skeleton (Crypt:1)
  3 scorpions
  A warg skeleton (Crypt:1)
  20 killer bees
  An electric eel (Lair:4)
  7 wights (D:11)
  43 orc priests
  19 crimson imps
  2 giant frog zombies
  3 quasits
  4 human zombies
  11 jellies
  29 orc wizards
  2 iron imps
  A wolf skeleton (Crypt:1)
  A wasp zombie (Crypt:1)
  6 centaur skeletons
  4 hounds
  A giant frog skeleton (D:7)
  8 iguanas
  17 worker ants
  A hell rat (Lair:2)
  23 sheep
  2 demigod skeletons (Crypt:2)
  11 mummies (Tomb:1)
  Robin (D:4)
  42 river rats
  8 gnolls
  13 white imps
  15 adders
  3 shadow imps
  2 oozes (D:1)
  11 ufetubi
  An adder zombie (D:8)
  2 adder skeletons
  3 worms
  6 giant geckos
  233 orcs
  2 ball pythons
  12 goblins
  10 hobgoblins
  11 jackals
  11 kobolds
  5 quokkas
  9 bats
  4 giant cockroaches
  A giant gecko zombie (D:5)
  4 giant newts
  A goblin skeleton (Crypt:2)
  A hobgoblin zombie (Crypt:1)
  2 quokka skeletons
  A quokka zombie (D:8)
  11 rats
  2 fire vortices (Vaults:2)
2708 creatures vanquished.

Vanquished Creatures (collateral kills)
  Mennas (Vaults:3)
  A fire giant (Depths:4)
  5 vault guards
  A centaur warrior (Vaults:3)
  A deep troll shaman (Vaults:3)
  A deep troll earth mage (Vaults:3)
  A yaktaur (Vaults:3)
11 creatures vanquished.

Vanquished Creatures (others)
  An ancient lich (Crypt:3)
  A deep elf high priest (Depths:4)
  15 dancing weapons (Elf:2)
  A necromancer (Depths:4)
  A storm dragon skeleton (Depths:3)
  A cyclops (Vaults:2)
  4 yaktaurs
  3 humans (Snake:4)
  A naga (Snake:4)
  A swamp worm (shapeshifter) (Vaults:2)
  A boggart (Depths:4)
  An orc wizard (D:11)
  An adder (D:4)
  A white imp (IceCv)
  2 ufetubi (IceCv)
  3 orcs
  A kobold (D:3)
  23 fungi
  10 lost souls
  39 plants
  4 toadstools (D:1)
115 creatures vanquished.

Grand Total: 2834 creatures vanquished

Notes
Turn   | Place    | Note
--------------------------------------------------------------
     0 | D:1      | HandofTrog the Minotaur Gladiator began the quest for the Orb.
     0 | D:1      | Reached XP level 1. HP: 18/18 MP: 0/0
    94 | D:1      | Reached XP level 2. HP: 24/26 MP: 1/1
   115 | D:1      | Reached skill level 4 in Fighting
   403 | D:1      | Reached XP level 3. HP: 33/33 MP: 2/2
   742 | D:2      | Reached skill level 5 in Fighting
   813 | D:2      | Reached XP level 4. HP: 14/42 MP: 3/3
  1325 | D:3      | Reached skill level 1 in Armour
  1378 | D:3      | You fall through a shaft!
  1415 | D:4      | Reached XP level 5. HP: 42/50 MP: 4/4
  1566 | D:4      | Noticed Menkaure
  1573 | D:4      | Gained mutation: You have a pair of large horns on your head. [potion of mutation]
  1573 | D:4      | Gained mutation: You are robust (+10% HP). [potion of mutation]
  1573 | D:4      | Gained mutation: Your muscles are strong. (Str +2) [potion of mutation]
  1579 | D:4      | Killed Menkaure
  1579 | D:4      | Reached skill level 5 in Armour
  1579 | D:4      | Reached XP level 6. HP: 12/62 MP: 5/5
  1613 | D:4      | HP: 3/62 [poison (a potion of poison)]
  1619 | D:4      | HP: 3/62 [poison (a potion of poison)]
  1624 | D:4      | HP: 3/62 [poison (a potion of poison)]
  1932 | D:4      | Noticed a slave
  1938 | D:4      | Killed a slave
  1990 | D:4      | Noticed Robin
  2002 | D:4      | Killed Robin
  2045 | D:4      | Noticed a slave
  2046 | D:4      | Noticed a slave
  2046 | D:4      | Noticed a slave
  2054 | D:4      | Killed a slave
  2057 | D:4      | Noticed Pikel
  2063 | D:4      | Killed a slave
  2064 | D:4      | Reached skill level 6 in Armour
  2072 | D:4      | Killed Pikel
  2072 | D:4      | Reached skill level 9 in Armour
  2072 | D:4      | Reached XP level 7. HP: 19/68 MP: 6/6
  2502 | D:4      | Found a sparkling altar of Nemelex Xobeh.
  2543 | D:4      | Found a sacrificial altar of Ru.
  2616 | D:5      | Entered Level 5 of the Dungeon
  2843 | D:5      | Reached XP level 8. HP: 69/78 MP: 7/7
  2974 | D:5      | Found Bokozxesh's Gadget Shop.
  3026 | D:5      | Found a shattered altar of Ashenzari.
  3226 | D:5      | Found a sparkling altar of Nemelex Xobeh.
  3339 | D:5      | Found a bloodstained altar of Trog.
  3606 | D:6      | Reached skill level 10 in Fighting
  3974 | D:6      | Reached XP level 9. HP: 68/93 MP: 8/8
  3980 | D:6      | Reached skill level 11 in Fighting
  4301 | D:6      | Found a bloodstained altar of Trog.
  4616 | D:7      | Reached skill level 12 in Fighting
  4772 | D:7      | Found a staircase to the Ecumenical Temple.
  4781 | Temple   | Entered the Ecumenical Temple
  4830 | Temple   | Became a worshipper of Gozag Ym Sagoz the Greedy
  5128 | D:7      | Found a snail-covered altar of Cheibriados.
  5264 | D:7      | Reached skill level 13 in Fighting
  5806 | D:8      | Noticed Erica
  5836 | D:8      | Killed Erica
  5836 | D:8      | Reached skill level 14 in Fighting
  5836 | D:8      | Reached XP level 10. HP: 15/113 MP: 9/9
  6223 | D:8      | Reached skill level 1 in Long Blades
  6295 | D:8      | Noticed bollicks1999's ghost (novice MiFi)
  6312 | D:8      | Killed bollicks1999's ghost
  6315 | D:8      | Reached skill level 5 in Long Blades
  6326 | D:8      | Noticed Gastronok
  6341 | D:8      | HP: 5/113 [Gastronok (33)]
  6473 | D:8      | Killed Gastronok
  6768 | D:8      | Found a burning altar of Makhleb.
  6769 | D:8      | Found a shimmering altar of Xom.
  6787 | D:8      | Noticed a four-headed hydra
  6795 | D:8      | Killed a one-headed hydra
  6795 | D:8      | Reached skill level 10 in Long Blades
  7179 | D:9      | Reached XP level 11. HP: 121/121 MP: 10/10
  7277 | D:9      | Noticed Erolcha
  7298 | D:9      | Killed Erolcha
  7792 | D:9      | Noticed a hill giant
  7793 | D:9      | Noticed Maurice
  7811 | D:9      | Killed a hill giant
  7842 | D:9      | Killed Maurice
  8178 | D:9      | Found a radiant altar of Vehumet.
  8178 | D:9      | Found a snail-covered altar of Cheibriados.
  8263 | D:9      | Found a deep blue altar of Sif Muna.
  8299 | D:10     | Entered Level 10 of the Dungeon
  8337 | D:10     | Noticed Grum
  8406 | D:10     | Killed Grum
  8822 | D:10     | Found a staircase to the Orcish Mines.
  8895 | D:10     | Found a sacrificial altar of Ru.
  9409 | Orc:1    | Entered Level 1 of the Orcish Mines
  9729 | D:11     | Found Ateematz's Food Shop.
  9751 | D:11     | Bought a bread ration for 70 gold pieces
  9834 | D:11     | Got a steaming whip
  9835 | D:11     | Identified the +6 whip "Paar" {antimagic, +Fly Str+3 Int+3} (You found it on level 11 of the Dungeon)
  9984 | D:11     | Found a staircase to the Lair.
  9991 | D:11     | Lost mutation: Your muscles are strong. (Str +2) [potion of cure mutation]
  9991 | D:11     | Lost mutation: You are robust (+10% HP). [potion of cure mutation]
  9991 | D:11     | Lost mutation: You have a pair of large horns on your head. [potion of cure mutation]
 10000 | D:11     | Found Jumo's Gadget Emporium.
 10339 | D:11     | Noticed a hill giant
 10352 | D:11     | Killed a hill giant
 10352 | D:11     | Reached XP level 12. HP: 73/117 MP: 11/11
 10486 | D:11     | Noticed a centaur warrior
 10496 | D:11     | Killed a centaur warrior
 10546 | D:11     | Bought a glowing iron wand for 68 gold pieces
 10546 | D:11     | Bought a glowing wooden wand for 68 gold pieces
 10663 | D:11     | Got a faintly humming hat
 10669 | D:11     | Identified the +0 hat of the Wilderness {rCorr MP+9} (You found it on level 11 of the Dungeon)
 10678 | D:11     | Reached skill level 10 in Armour
 10850 | D:11     | Found Qilidghe's Antique Armour Boutique.
 10861 | D:11     | Bought an embroidered cloak for 180 gold pieces
 10881 | D:11     | Learned a level 2 spell: Blink
 11199 | Lair:1   | Entered Level 1 of the Lair of Beasts
 11278 | Lair:1   | Reached skill level 5 in Dodging
 11749 | Lair:1   | Noticed Fannar
 11759 | Lair:1   | Killed Fannar
 12213 | Lair:2   | Noticed a catoblepas
 12227 | Lair:2   | Killed a catoblepas
 12242 | Lair:2   | Noticed Aarh's ghost (journeyman TeBe)
 12254 | Lair:2   | Killed Aarh's ghost
 12296 | Lair:2   | Noticed a six-headed hydra
 12537 | Lair:2   | Reached skill level 15 in Fighting
 13197 | Lair:2   | Reached skill level 5 in Throwing
 13227 | Lair:2   | Bought a bone long sword for 246 gold pieces
 13227 | Lair:2   | Identified the +1 long sword of Ascent {slice, rElec} (You bought it in a shop on level 2 of the Lair of Beasts)
 13447 | Lair:2   | Reached XP level 13. HP: 124/126 MP: 12/12
 13548 | Lair:2   | Killed a 15-headed hydra
 14662 | Lair:2   | Bought a bloodstained quarterstaff for 261 gold pieces
 14682 | Lair:2   | Identified the +4 quarterstaff of Reugey {crush, *Confuse Str+2 Dex+3 SInv} (You bought it in a shop on level 2 of the Lair of Beasts)
 15245 | Lair:3   | You fall through a shaft!
 15245 | Lair:4   | Found a frozen archway.
 15385 | IceCv    | Entered an ice cave
 15902 | IceCv    | Reached skill level 1 in Spellcasting
 15902 | IceCv    | Reached skill level 1 in Translocations
 16483 | Lair:4   | Reached skill level 1 in Maces & Flails
 17522 | Lair:4   | Found a staircase to the Swamp.
 18375 | Lair:5   | Found a staircase to the Snake Pit.
 18973 | Lair:6   | Reached XP level 14. HP: 116/136 MP: 17/17
 19818 | Lair:6   | Reached skill level 16 in Fighting
 20956 | Lair:7   | Found a staircase to the Slime Pits.
 21796 | Lair:7   | Bought the +13 sword of the Doom Knight {pain, -Cast MR+} for 1475 gold pieces
 21806 | Lair:7   | Learned a level 3 spell: Regeneration
 21820 | Lair:7   | Learned a level 2 spell: Repel Missiles
 21824 | Lair:7   | Learned a level 3 spell: Vampiric Draining
 21829 | Lair:7   | Learned a level 4 spell: Animate Dead
 21845 | Lair:8   | Entered Level 8 of the Lair of Beasts
 21956 | Lair:8   | Reached skill level 1 in Necromancy
 22528 | Lair:8   | Reached skill level 15 in Long Blades
 23522 | Lair:8   | Reached skill level 5 in Necromancy
 24094 | Orc:1    | Reached XP level 15. HP: 93/144 MP: 19/19
 24521 | Orc:2    | Found Koimme's Antique Armour Shop.
 25150 | Orc:3    | Found a roughly hewn altar of Beogh.
 25302 | Orc:3    | Noticed Maud
 25311 | Orc:3    | Killed Maud
 25666 | Orc:3    | Noticed Sonja
 25686 | Orc:3    | Noticed Rupert
 25693 | Orc:3    | Killed Rupert
 25712 | Orc:3    | Killed Sonja
 26033 | Orc:4    | Entered Level 4 of the Orcish Mines
 26669 | Orc:4    | Found a staircase to the Elven Halls.
 26821 | Orc:4    | Found a burning altar of Makhleb.
 27805 | Orc:4    | Found Gab Itun's Magic Scroll Boutique.
 27805 | Orc:4    | Found Cuobem's Distillery.
 27806 | Orc:4    | Found Huiwij's Assorted Antiques.
 27806 | Orc:4    | Found Sopn's Jewellery Boutique.
 28001 | Orc:4    | Bought a potion of heal wounds for 80 gold pieces
 28005 | Orc:4    | Bought a scroll of blinking for 120 gold pieces
 28005 | Orc:4    | Bought a scroll of acquirement for 832 gold pieces
 28103 | Orc:4    | Bought the ring of Grontol {rF+ EV+4 Int+3} for 731 gold pieces
 28113 | Orc:4    | Bought a lumpy white potion for 26 gold pieces
 28113 | Orc:4    | Bought a glowing cloak for 130 gold pieces
 28113 | Orc:4    | Bought a scroll of identify for 58 gold pieces
 28114 | Orc:4    | Bought a potion of curing for 48 gold pieces
 28542 | D:12     | Got a thick robe
 29286 | D:13     | Noticed Yermak's ghost (novice FeTm)
 29301 | D:13     | Killed Yermak's ghost
 30284 | D:14     | Got a pair of faintly glowing boots
 30299 | D:14     | Identified the cursed +0 pair of boots "Coit" {rElec Dex-5 Slay+2} (You found it on level 14 of the Dungeon)
 30415 | D:14     | Reached skill level 17 in Long Blades
 30440 | D:14     | Found a gate to the Vaults.
 30797 | D:15     | Entered Level 15 of the Dungeon
 30797 | D:15     | Found Woklow's Whimsical Warehouse.
 31003 | D:15     | Reached XP level 16. HP: 137/151 MP: 20/20
 31229 | D:15     | Reached skill level 18 in Long Blades
 31438 | D:15     | Identified the cursed +0 robe "Jyuschuergh" {rN+ MR+} (You found it on level 12 of the Dungeon)
 31883 | D:15     | Found a staircase to the Depths.
 32309 | D:12     | Reached skill level 10 in Necromancy
 32570 | Snake:1  | Entered Level 1 of the Snake Pit
 33398 | Snake:1  | Found a bloodstained altar of Trog.
 34809 | Snake:2  | Cast into the Abyss (naga mage)
 34916 | Abyss:1  | Gained mutation: You have an increased reservoir of magic (+10% MP). [a neqoxec]
 35119 | Abyss:1  | Noticed a hellephant
 35133 | Abyss:1  | Found a corrupted altar of Lugonu.
 35264 | Abyss:1  | Reached XP level 17. HP: 158/158 MP: 24/24
 35393 | Abyss:1  | Noticed an ancient lich
 35403 | Abyss:1  | Killed an ancient lich
 35624 | Snake:2  | Escaped the Abyss
 36800 | Snake:3  | Noticed AAAAA's ghost (adept TeBe)
 36841 | Snake:3  | Found Mynkahu's Gadget Shoppe.
 36972 | Snake:3  | Killed AAAAA's ghost
 37298 | Snake:4  | Entered Level 4 of the Snake Pit
 37303 | Snake:3  | Bought a scroll of identify for 24 gold pieces
 37303 | Snake:3  | Bought a scroll of teleportation for 36 gold pieces
 37303 | Snake:3  | Bought a scroll of blinking for 90 gold pieces
 37303 | Snake:3  | Bought a scroll of identify for 24 gold pieces
 37303 | Snake:3  | Bought a scroll of identify for 24 gold pieces
 37343 | Snake:4  | Noticed Nikola
 37355 | Snake:4  | Killed Nikola
 37614 | Snake:4  | Noticed Kirke
 37618 | Snake:4  | Killed Kirke
 38698 | Snake:4  | Reached XP level 18. HP: 146/166 MP: 25/25
 38731 | Snake:4  | Noticed Vashnia
 38748 | Snake:4  | Killed Vashnia
 39042 | Snake:4  | Reached skill level 15 in Necromancy
 39644 | Snake:4  | Noticed Roxanne
 39661 | Snake:4  | Killed Roxanne
 40400 | Snake:4  | Got a serpentine rune of Zot
 40784 | Snake:4  | Learned a level 2 spell: Swiftness
 41140 | Swamp:1  | Entered Level 1 of the Swamp
 41247 | Swamp:1  | Reached skill level 1 in Charms
 43186 | Swamp:3  | Gained mutation: Your skin changes colour to match your surroundings (Stealth). [potion of beneficial mutation]
 43341 | Swamp:3  | Reached XP level 19. HP: 150/172 MP: 27/27
 43796 | Swamp:4  | Entered Level 4 of the Swamp
 43822 | Swamp:4  | Noticed Jorgrun
 43835 | Swamp:4  | Killed Jorgrun
 43835 | Swamp:4  | Reached skill level 15 in Armour
 43835 | Swamp:4  | Reached skill level 5 in Spellcasting
 44615 | Swamp:4  | Reached skill level 5 in Charms
 45689 | Swamp:4  | Got a decaying rune of Zot
 46065 | D:11     | Bought a steaming buckler for 247 gold pieces
 46065 | D:11     | Bought a transparent cloak for 247 gold pieces
 46075 | D:11     | Identified the +5 cloak "Nodom" {rPois Str-4 Int+2} (You bought it in a shop on level 11 of the Dungeon)
 46075 | D:11     | Identified the cursed +0 buckler of the Countless Lies {MP+9} (You bought it in a shop on level 11 of the Dungeon)
 46190 | Elf:1    | Entered Level 1 of the Elven Halls
 47595 | Elf:2    | Found a runed gate.
 47595 | Elf:2    | Found a runed gate.
 47595 | Elf:2    | Found a runed gate.
 48521 | Elf:3    | Entered Level 3 of the Elven Halls
 49125 | Elf:3    | Reached XP level 20. HP: 105/181 MP: 27/35
 50258 | Elf:3    | Reached skill level 10 in Spellcasting
 51012 | Elf:3    | Got a bound ivory ring
 51021 | Elf:3    | Got an uncursed steaming falchion {freeze}
 51021 | Elf:3    | Got a faintly humming chain mail
 51038 | Elf:3    | Identified the Guide on Good Luck and Orientation
 51043 | Elf:3    | Got a twisted storm dragon armour
 51113 | Elf:3    | Identified the +10 falchion of Ygupucos {freeze, Str+3 Int+4 Stlth-} (You took it off a deep elf priest on level 3 of the Elven Halls)
 51114 | Elf:3    | Identified the +6 storm dragon armour of Witann {rElec rN+ rCorr Str-4 Stlth+} (You found it on level 3 of the Elven Halls)
 51115 | Elf:3    | Identified the ring "Xeliobre" {+Fly Stlth+} (You took it off a deep elf death mage on level 3 of the Elven Halls)
 51116 | Elf:3    | Identified the +2 chain mail "Fuengaq" {Int+3 Slay+2} (You took it off a deep elf priest on level 3 of the Elven Halls)
 51162 | Elf:3    | Gained mutation: You have sharp fingernails. [potion of beneficial mutation]
 51247 | Elf:3    | Identified the Grimoire of Curses
 51259 | Elf:3    | Got a crude plate armour
 51270 | Elf:3    | Identified the +1 plate armour of Card Tricks {+Inv MP+9 Slay+3} (You acquired it on level 3 of the Elven Halls)
 51300 | Elf:3    | Learned a level 1 spell: Apportation
 51307 | Elf:3    | Learned a level 6 spell: Haste
 51313 | Elf:3    | Learned a level 5 spell: Phase Shift
 51318 | Elf:3    | Learned a level 4 spell: Passage of Golubria
 51922 | Depths:1 | Entered Level 1 of the Depths
 51925 | Depths:1 | Found a gateway to a ziggurat.
 51938 | Depths:1 | Identified the Collected Works on the Snowflakes (You found it on level 1 of the Depths)
 52090 | Depths:1 | Reached skill level 5 in Translocations
 52196 | Depths:1 | Found a deep blue altar of Sif Muna.
 52373 | Depths:1 | Paralysed by a great orb of eyes for 4 turns
 52476 | Depths:1 | Found a gateway to Hell.
 52755 | Depths:1 | Got a heavily runed lead amulet
 52758 | Depths:1 | Identified the amulet "Zoleul" {Ward rN+ Str+2 Int+6 Dex-3} (You took it off a deep elf demonologist on level 1 of the Depths)
 54159 | Depths:2 | Reached XP level 21. HP: 151/188 MP: 37/37
 54887 | Depths:2 | Found a one-way gate leading to the halls of Pandemonium.
 55519 | Depths:3 | Reached skill level 10 in Translocations
 57006 | Depths:3 | Got a steaming lapis lazuli ring
 57281 | Depths:3 | Paralysed by a sphinx for 4 turns
 57766 | Depths:4 | Noticed hadoken's ghost (veteran FoFi)
 58155 | Depths:4 | Killed hadoken's ghost
 58517 | Depths:3 | Bought a crude lajatang for 900 gold pieces
 58520 | Depths:3 | Identified the ring of Agnosticism {+/*Tele *Confuse Str+2 Dex+5} (You took it off a yaktaur on level 3 of the Depths)
 58522 | Depths:3 | Bought the ring "Goarei" {rPois rC+ MR+ Str+4 Dex+3} for 791 gold pieces
 58523 | Depths:3 | Identified the +5 lajatang of Qapninat {speed, rC++ MR+ Stlth+} (You bought it in a shop on level 3 of the Depths)
 58846 | Depths:4 | Got a faintly humming large shield
 58847 | Depths:4 | Identified the +5 large shield of the Trout {rElec Dex+3} (You acquired it on level 4 of the Depths)
 59331 | Depths:4 | Reached XP level 22. HP: 113/195 MP: 38/38
 59968 | Depths:4 | Noticed Saint Roka
 59988 | Depths:4 | Killed Saint Roka
 60794 | Depths:4 | Identified Borgnjor's Almanac of Darkness
 60924 | Depths:4 | Found a runed door.
 62115 | Depths:4 | Reached skill level 5 in Maces & Flails
 62160 | Depths:4 | Noticed a caustic shrike
 62166 | Depths:4 | Killed a caustic shrike
 63027 | Depths:4 | Found a one-way gate to the infinite horrors of the Abyss.
 63172 | Depths:5 | Entered Level 5 of the Depths
 63371 | Depths:5 | Noticed a juggernaut
 63553 | Depths:4 | Killed a juggernaut
 63553 | Depths:4 | Reached skill level 10 in Maces & Flails
 64254 | Depths:5 | Found a gate to the Realm of Zot.
 64326 | Depths:5 | Reached XP level 23. HP: 125/202 MP: 40/40
 65009 | Depths:5 | Noticed a juggernaut
 65024 | Depths:5 | Killed a juggernaut
 65056 | Depths:5 | Noticed Louise
 65061 | Depths:5 | Killed Louise
 65690 | Depths:5 | Reached skill level 15 in Maces & Flails
 65887 | Depths:5 | Noticed a juggernaut
 65900 | Depths:5 | Killed a juggernaut
 66184 | Depths:5 | Noticed a juggernaut
 66202 | Depths:5 | Killed a juggernaut
 67926 | D:11     | Bought a bread ration for 70 gold pieces
 67926 | D:11     | Bought a beef jerky for 21 gold pieces
 67926 | D:11     | Bought a bread ration for 70 gold pieces
 67926 | D:11     | Bought 3 fruits for 63 gold pieces
 67926 | D:11     | Bought a bread ration for 70 gold pieces
 67926 | D:11     | Bought a bread ration for 70 gold pieces
 67926 | D:11     | Bought a royal jelly for 28 gold pieces
 67926 | D:11     | Bought a meat ration for 70 gold pieces
 67926 | D:11     | Bought a beef jerky for 21 gold pieces
 67926 | D:11     | Bought a meat ration for 70 gold pieces
 67926 | D:11     | Bought 3 fruits for 63 gold pieces
 68177 | D:14     | Learned a level 5 spell: Cigotuvi's Embrace
 68183 | D:14     | Learned a level 5 spell: Dispel Undead
 68191 | D:14     | Learned a level 4 spell: Control Undead
 68911 | Vaults:1 | Entered Level 1 of the Vaults
 68968 | Vaults:1 | Noticed Wiglaf
 68983 | Vaults:1 | Killed Wiglaf
 68986 | Vaults:1 | Got a smoking shield
 68987 | Vaults:1 | Identified the cursed +0 shield of Chimes {rElec rPois rC- Regen+} (You took it off Wiglaf on level 1 of the Vaults)
 69076 | Vaults:1 | Reached skill level 5 in Shields
 70742 | Vaults:1 | Reached skill level 10 in Shields
 70898 | Vaults:2 | Reached XP level 24. HP: 195/210 MP: 40/40
 71783 | Vaults:2 | Found a staircase to the Crypt.
 71944 | Vaults:2 | Noticed Denapoli's ghost (adept GrBe)
 72635 | Vaults:2 | Killed Denapoli's ghost
 73459 | D:5      | Found a shadowy altar of Dithmenos.
 73911 | D:3      | Found a glowing golden altar of the Shining One.
 73974 | D:3      | Found a stormy altar of Qazlal.
 74398 | Temple   | Fell from the grace of Gozag
 74398 | Temple   | Became a worshipper of Zin the Law-Giver
 74398 | Temple   | Reached * piety under Zin
 74398 | Temple   | Reached ** piety under Zin
 74399 | Temple   | Donated 1544 gold pieces to Zin
 74419 | D:7      | Reached *** piety under Zin
 74515 | D:4      | Reached **** piety under Zin
 74658 | D:3      | Reached ***** piety under Zin
 74759 | D:3      | Fell from the grace of Zin
 74759 | D:3      | Became a worshipper of the Shining One
 74759 | D:3      | Reached * piety under the Shining One
 74759 | D:3      | Reached ** piety under the Shining One
 75292 | Crypt:1  | Entered Level 1 of the Crypt
 75731 | Crypt:1  | Reached *** piety under the Shining One
 76779 | Crypt:1  | Reached **** piety under the Shining One
 77292 | Crypt:1  | Reached ***** piety under the Shining One
 77321 | Crypt:1  | Reached skill level 15 in Shields
 77959 | Crypt:2  | Reached ****** piety under the Shining One
 77960 | Crypt:2  | Identified a +9 sacred scourge of holy wrath (a +9 demon whip of pain blessed by the Shining One)
 77960 | Crypt:2  | Received a gift from the Shining One
 78231 | Crypt:3  | Entered Level 3 of the Crypt
 78703 | Crypt:3  | Got a steaming plate armour
 78708 | Crypt:3  | Identified the +3 plate armour of the Prince {-Tele rPois rF+ rC+} (You found it on level 3 of the Crypt)
 79004 | Crypt:3  | Found an ancient bone altar of Kikubaaqudgha.
 79065 | Crypt:3  | Identified Borgnjor's Grimoire of Unholy Magic
 79076 | Crypt:3  | Noticed an ancient lich
 79090 | Crypt:3  | Killed an ancient lich
 79576 | Crypt:3  | Found a staircase to the Tomb.
 79750 | Crypt:3  | Noticed an ancient lich
 79758 | Crypt:3  | Killed an ancient lich
 79758 | Crypt:3  | Reached skill level 15 in Translocations
 79758 | Crypt:3  | Reached XP level 25. HP: 218/218 MP: 40/40
 80360 | Tomb:1   | Entered Level 1 of the Tomb of the Ancients
 80489 | Tomb:1   | Paralysed by a sphinx for 5 turns
 80822 | Tomb:1   | Reached skill level 1 in Invocations
 80837 | Tomb:1   | Paralysed by a sphinx for 4 turns
 81342 | Tomb:1   | Reached skill level 5 in Invocations
 83597 | Slime:1  | Entered Level 1 of the Pits of Slime
 83737 | Slime:1  | Gained mutation: Your body sometimes deteriorates upon taking damage. [a shining eye]
 83751 | Slime:1  | Gained mutation: Armour fits poorly on your strangely shaped body. [a shining eye]
 84783 | Vaults:3 | Noticed Mennas
 84824 | Vaults:3 | Killed Mennas
 85015 | Vaults:3 | Reached skill level 10 in Invocations
 85140 | Vaults:3 | Found a portal to a secret trove of treasure.
 87060 | Vaults:4 | Got a pair of jewelled boots
 87061 | Vaults:4 | Identified the cursed +0 pair of boots of Ethics {MP+9 Str+4} (You found it on level 4 of the Vaults)
 87157 | Vaults:5 | Entered Level 5 of the Vaults
 87986 | Snake:3  | Reached XP level 26. HP: 210/226 MP: 40/40
 88348 | D:11     | Bought a runed ice dragon armour for 2400 gold pieces
 88797 | Vaults:5 | Noticed an ancient lich
 88822 | Vaults:4 | Killed from afar by an ancient lich

Action                   |  1- 3 |  4- 6 |  7- 9 | 10-12 | 13-15 | 16-18 | 19-21 | 22-24 | 25-27 || total
-------------------------+-------+-------+-------+-------+-------+-------+-------+-------+-------++-------
Melee: Quarterstaff      |    63 |    92 |   231 |     3 |       |       |       |       |       ||   389
       Scimitar          |       |       |       |   613 |       |       |       |   333 |       ||   946
       Long sword        |       |       |       |    39 |   986 |       |       |       |       ||  1025
       Great sword       |       |       |       |       |   868 |  1354 |  1539 |   882 |       ||  4643
       Demon whip        |       |       |       |       |       |       |       |   735 |       ||   735
       Sacred scourge    |       |       |       |       |       |       |       |   385 |  1037 ||  1422
       Falchion          |       |       |       |       |       |       |       |   152 |       ||   152
Throw: Throwing net      |       |     3 |       |     3 |     9 |       |       |       |       ||    15
       Javelin           |       |       |       |       |     7 |       |    24 |    36 |    13 ||    80
       Tomahawk          |       |       |       |       |       |       |       |     5 |     5 ||    10
 Cast: Animate Dead      |       |       |       |       |       |       |       |     1 |       ||     1
       Control Undead    |       |       |       |       |       |       |       |     1 |       ||     1
Invok: Call Merchant     |       |       |       |     2 |     3 |     2 |     3 |     1 |       ||    11
       Potion Petition   |       |       |       |       |     1 |     1 |       |     7 |       ||     9
       Donate Gold       |       |       |       |       |       |       |       |     1 |       ||     1
       Brand Weapon With |       |       |       |       |       |       |       |     1 |       ||     1
       Summon Divine War |       |       |       |       |       |       |       |       |     4 ||     4
       Cleansing Flame   |       |       |       |       |       |       |       |       |     4 ||     4
       Divine Shield     |       |       |       |       |       |       |       |       |     2 ||     2
Evoke: Box of beasts     |       |       |       |       |     1 |       |       |       |       ||     1
       Wand              |       |       |       |       |       |       |     2 |     1 |     2 ||     5
  Use: Potion            |       |     7 |     3 |     2 |     3 |     6 |     3 |     3 |     3 ||    30
       Scroll            |       |     7 |     6 |     8 |    13 |    16 |    21 |    32 |    11 ||   114
 Stab: Sleeping          |       |     1 |       |       |       |       |       |       |       ||     1
       Held in net/web   |       |     1 |       |     4 |     2 |       |       |       |       ||     7
       Distracted        |       |       |       |     4 |    11 |     6 |     6 |     8 |       ||    35
       Confused          |       |       |       |       |       |     1 |       |       |       ||     1
       Paralysed         |       |       |       |       |       |       |     1 |       |       ||     1
       Fleeing           |       |       |       |       |       |       |       |       |     1 ||     1
  Eat: Chunk             |       |     1 |     2 |       |       |       |       |       |     1 ||     4
       Bread ration      |       |     1 |     2 |     6 |     3 |       |       |     4 |     4 ||    20
       Meat ration       |       |       |       |     1 |     4 |     5 |     5 |     8 |     2 ||    25
       Fruit             |       |       |       |       |    23 |       |    28 |    11 |       ||    62
       Beef jerky        |       |       |       |       |     3 |     5 |       |       |       ||     8
       Royal jelly       |       |       |       |       |     2 |       |       |       |       ||     2
       Pizza             |       |       |       |       |       |     2 |     5 |       |       ||     7
